[Event "Titled Tuesday Blitz April 26 Late 2022"]
[White "Quesada Perez, Yuniesky"]
[Black "Ferreira, Vitor Hugo Vieira"]
[WhiteFideId "3504409"]
[BlackFideId "2119765"]
[WhiteElo "2622"]
[BlackElo "2165"]
[Result "0-1"]
[Round "01"]
[TimeControl "180+1"]
[Date "2022.04.26"]
[WhiteClock "0:00:01"]
[BlackClock "0:00:38"]

1. e4 c5 2. Nf3 d6 3. d4 cxd4 4. Nxd4 Nf6 5. Nc3 a6 6. Be2 e5 7. Nb3 Be7 8. Be3 O-O 9. g4 Be6 10. g5 Nfd7 11. h4 Nc6 12. Bg4 b5 13. Bxe6 fxe6 14. Qg4 Kh8 15. Qxe6 Nb6 16. O-O-O Nc4 17. Nd5 Nxe3 18. fxe3 Rc8 19. Rhf1 Re8 20. Nxe7 Rxe7 21. Qxd6 Qe8 22. a3 a5 23. Nc5 a4 24. Ne6 Rxe6 25. Qd7 Qg8 26. Rf7 Ree8 27. Rdf1 b4 28. h5 bxa3 29. bxa3 Red8 30. Qf5 Ne7 31. Qxe5 Nc6 32. Qa1 Na5 33. Qe5 Nb3+ 34. Kb2 Nd2 35. Ka1 Nxf1 36. g6 Rd1+ 37. Kb2 Rb8+ 38. Kc3 Qc8+ 39. Rc7 Rb3+ 40. cxb3 Rc1+ 41. Kb2 Rxc7 42. h6 Rc2+ 0-1


[Site "https://www.chess.com"]

[Event "Titled Tuesday Blitz April 26 Late 2022"]
[White "Rastbod, Ali"]
[Black "Torres Cueto, Jesus Marcial"]
[WhiteFideId "12567477"]
[BlackFideId "4415280"]
[WhiteElo "2147"]
[BlackElo "2055"]
[Result "1-0"]
[Round "01"]
[TimeControl "180+1"]
[Date "2022.04.26"]
[WhiteClock "0:00:33"]
[BlackClock "0:00:19"]

1. e4 e6 2. d4 d5 3. Nc3 Bb4 4. exd5 exd5 5. Bd3 Ne7 6. Nf3 c6 7. h3 Bf5 8. O-O O-O 9. Ne2 Bd6 10. Ne5 Nd7 11. f4 f6 12. Nf3 Qc7 13. c3 Rae8 14. g4 Bxd3 15. Qxd3 Ng6 16. f5 Nh8 17. Bd2 Nf7 18. Rae1 Re7 19. Kg2 Rfe8 20. Neg1 Nb6 21. b3 Bg3 22. Rxe7 Rxe7 23. Ne2 Bd6 24. c4 dxc4 25. bxc4 c5 26. d5 Nd7 27. Bc3 Nfe5 28. Nxe5 Bxe5 29. Bxe5 Qxe5 30. Nf4 Qe4+ 31. Qf3 Qc2+ 32. Rf2 Qxc4 33. d6 Re8 34. Qxb7 Qe4+ 35. Qxe4 Rxe4 36. Ne6 Nf8 37. Rd2 Nd7 38. Rb2 Kf7 39. Rb7 Ke8 40. Nxg7+ Kd8 41. Ne6+ Ke8 42. Rxd7 Re2+ 43. Kf3 1-0


[Site "https://www.chess.com"]

[Event "Titled Tuesday Blitz April 26 Late 2022"]
[White "Rasulov, Vugar"]
[Black "Kovanova, Baira"]
[WhiteFideId "13402390"]
[BlackFideId "4164083"]
[WhiteElo "2560"]
[BlackElo "2190"]
[Result "1-0"]
[Round "01"]
[TimeControl "180+1"]
[Date "2022.04.26"]
[WhiteClock "0:00:50"]
[BlackClock "0:00:01"]

1. d4 Nf6 2. c4 e6 3. Nc3 Bb4 4. Bd2 d5 5. e3 O-O 6. Nf3 c5 7. a3 Bxc3 8. Bxc3 Ne4 9. Rc1 Nd7 10. cxd5 exd5 11. dxc5 Ndxc5 12. Bd4 b6 13. Be2 Bf5 14. O-O Ne6 15. Be5 f6 16. Bc3 Rc8 17. Bb4 N6c5 18. Nd4 Bd7 19. f3 Nd6 20. Be1 Qe7 21. Bf2 Kh8 22. b3 Rfe8 23. Qd2 Nf5 24. Nxf5 Bxf5 25. Rc3 Be6 26. b4 Nd7 27. Rfc1 Rxc3 28. Qxc3 Ne5 29. Qc7 Nc4 30. Qxe7 Rxe7 31. a4 Kg8 32. e4 Nb2 33. a5 dxe4 34. axb6 axb6 35. fxe4 Bd7 36. Rc2 Na4 37. Bd3 b5 38. Bd4 Kf7 39. Kf2 h6 40. Rc7 Be8 41. Rxe7+ Kxe7 42. e5 fxe5 43. Bxe5 Nb6 44. Bxg7 h5 45. Bd4 Nd5 46. Bc5+ Ke6 47. Kf3 Ke5 48. Kg3 Nf6 49. Kh4 Ng4 50. h3 Nf6 51. Be2 Ne4 52. Bf8 1-0


[Site "https://www.chess.com"]

[Event "Titled Tuesday Blitz April 26 Late 2022"]
[White "Riehle, Marco"]
[Black "Sailer, Mike"]
[WhiteFideId "12904392"]
[BlackFideId "2012901"]
[WhiteElo "2462"]
[BlackElo "2109"]
[Result "1-0"]
[Round "01"]
[TimeControl "180+1"]
[Date "2022.04.26"]
[WhiteClock "0:01:28"]
[BlackClock "0:00:05"]

1. e4 d5 2. exd5 Qxd5 3. Nc3 Qd6 4. d4 Nf6 5. Nf3 c6 6. Bc4 Bg4 7. h3 Bh5 8. Bg5 e6 9. g4 Bg6 10. Qd2 Nbd7 11. O-O-O O-O-O 12. Bf4 Qb4 13. Qe2 Bd6 14. Ne5 Bxe5 15. Bxe5 Nxe5 16. dxe5 Rxd1+ 17. Rxd1 Nd5 18. Bxd5 cxd5 19. Qe3 Kb8 20. Qd4 Qxd4 21. Rxd4 Rc8 22. Kd2 a6 23. a3 b5 24. f4 Kb7 25. a4 Kb6 26. axb5 axb5 27. f5 exf5 28. Nxd5+ Kc5 29. c3 fxg4 30. hxg4 Re8 31. b4+ Kc6 32. c4 Rxe5 33. cxb5+ Kxb5 34. Nc3+ Kc6 35. b5+ Kc5 36. Rd8 Kb4 37. b6 Re7 38. Nd5+ 1-0


[Site "https://www.chess.com"]

[Event "Titled Tuesday Blitz April 26 Late 2022"]
[White "Romanchuk, Viktor"]
[Black "Akrakan"]
[WhiteFideId "14109271"]
[WhiteElo "2242"]
[BlackElo "2106"]
[Result "1-0"]
[Round "01"]
[TimeControl "180+1"]
[Date "2022.04.26"]
[WhiteClock "0:00:16"]
[BlackClock "0:00:33"]

1. d4 d5 2. c4 e6 3. Nc3 Nf6 4. Nf3 Be7 5. Bf4 O-O 6. e3 c6 7. Qc2 Bd6 8. Bg3 Qc7 9. Bd3 Nbd7 10. cxd5 exd5 11. Rb1 Re8 12. O-O Nf8 13. b4 a6 14. Na4 Bg4 15. Ne5 Ng6 16. Nxg6 hxg6 17. Nc5 Bxg3 18. hxg3 Re7 19. a4 Rae8 20. b5 axb5 21. axb5 Ne4 22. bxc6 Nxc5 23. Qxc5 Qxc6 24. Qxc6 bxc6 25. Rfc1 Rc8 26. Rc5 Ra7 27. Rbc1 Bd7 28. Be2 Rb8 29. Bf3 Ra2 30. R5c2 Rbb2 31. Rxb2 Rxb2 32. Ra1 Kf8 33. Ra7 Ke7 34. Bg4 f5 35. Bf3 Kd6 36. Ra1 g5 37. Rc1 g4 38. Bd1 Bc8 39. Kf1 Ba6+ 40. Ke1 Bb5 41. Rc2 Rb1 42. Kd2 Ba4 43. Rc1 Rb2+ 44. Kc3 Rxf2 45. Bxa4 Rxg2 46. Kd3 Rxg3 47. Rxc6+ Ke7 48. Rc7+ Kf6 49. Bc6 f4 50. Bxd5 Rxe3+ 51. Kd2 Re7 52. Rxe7 Kxe7 53. Kd3 Kd6 54. Ke4 f3 55. Bc4 g5 56. Ke3 Ke7 57. Kf2 Kf6 58. Kg3 Kf5 59. Bd3+ Ke6 60. Be4 Kd6 61. Kf2 Ke6 62. Ke3 Kd6 63. Bf5 Kd5 64. Bxg4 f2 65. Bh3 g4 66. Bg2+ Kc4 67. Ke4 g3 68. d5 Kc5 69. Ke5 Kb6 70. d6 Kc5 71. d7 Kc4 72. d8=Q Kc3 73. Qd4+ Kc2 74. Qe4+ Kd2 75. Qf3 Ke1 76. Kf4 f1=Q 77. Qxf1+ Kd2 78. Kxg3 1-0


[Site "https://www.chess.com"]

[Event "Titled Tuesday Blitz April 26 Late 2022"]
[White "Romero Ruscalleda, Josep"]
[Black "Wieczorek, Oskar"]
[WhiteFideId "2231859"]
[BlackFideId "1133950"]
[WhiteElo "2316"]
[BlackElo "2319"]
[Result "0-1"]
[Round "01"]
[TimeControl "180+1"]
[Date "2022.04.26"]
[WhiteClock "0:00:57"]
[BlackClock "0:00:50"]

1. e4 c5 2. c3 Qa5 3. Nf3 g6 4. Bc4 Bg7 5. O-O Qc7 6. Qe2 d6 7. d4 Nc6 8. Be3 cxd4 9. cxd4 Nf6 10. Nc3 Bg4 11. h3 Bxf3 12. Qxf3 O-O 13. Qe2 Nd7 14. Rfd1 a6 15. Rac1 Rac8 16. a3 Nxd4 17. Rxd4 Bxd4 18. Nd5 Bxe3 19. Nxc7 Bxc1 20. Nd5 Bg5 21. f4 Bf6 22. Ba2 e6 23. Nxf6+ Nxf6 24. f5 d5 25. e5 Ne4 26. f6 Rc1+ 27. Kh2 Rh1+ 28. Kxh1 Ng3+ 0-1


[Site "https://www.chess.com"]

[Event "Titled Tuesday Blitz April 26 Late 2022"]
[White "Rosen, Eric"]
[Black "Needleman, Alejandro"]
[WhiteFideId "2032562"]
[BlackFideId "100730"]
[WhiteElo "2362"]
[BlackElo "2313"]
[Result "1-0"]
[Round "01"]
[TimeControl "180+1"]
[Date "2022.04.26"]
[WhiteClock "0:00:08"]
[BlackClock "0:00:19"]

1. d4 c5 2. d5 Nf6 3. Nc3 g6 4. e4 d6 5. Nf3 Bg7 6. h3 O-O 7. a4 Na6 8. Be2 Nc7 9. O-O b6 10. Bf4 Bb7 11. Nd2 e6 12. Nc4 exd5 13. exd5 Ncxd5 14. Nxd5 Bxd5 15. Bxd6 Re8 16. Bf4 Bxc4 17. Bxc4 Qxd1 18. Raxd1 Re4 19. Bb5 Rxf4 20. c3 h5 21. g3 Rf5 22. Rfe1 h4 23. g4 Rf4 24. Re7 a6 25. Bc6 Rf8 26. b3 Nh7 27. Re3 Ng5 28. Rd6 Bf6 29. Bd5 Kg7 30. Kg2 Rd8 31. Rxd8 Bxd8 32. Bc4 a5 33. Bd5 Bf6 34. Rd3 Be5 35. f3 Rf6 36. Re3 Bf4 37. Re7 Rd6 38. c4 Kf6 39. Rb7 Ne6 40. Kf2 Bg3+ 41. Ke3 Bh2 42. Kd3 Nf4+ 43. Ke4 Nxd5 44. cxd5 Be5 45. f4 Bd4 46. Rc7 g5 47. fxg5+ Kg6 48. Rc6 Rxc6 49. dxc6 c4 50. Kxd4 cxb3 51. Kc3 b2 52. Kxb2 Kxg5 53. c7 Kf4 54. c8=Q Kg3 55. Qf5 Kxh3 56. g5+ Kg3 57. Qxf7 h3 58. Qh5 h2 59. g6 Kg2 60. g7 Kh1 61. g8=Q b5 62. Qhd5# 1-0


[Site "https://www.chess.com"]

[Event "Titled Tuesday Blitz April 26 Late 2022"]
[White "Rustemov, Alexander"]
[Black "Buchenau, Frank"]
[WhiteFideId "4119002"]
[BlackFideId "4604350"]
[WhiteElo "2854"]
[BlackElo "2193"]
[Result "1-0"]
[Round "01"]
[TimeControl "180+1"]
[Date "2022.04.26"]
[WhiteClock "0:01:26"]
[BlackClock "0:01:05"]

1. d4 e6 2. c4 Nf6 3. Nf3 b6 4. a3 Ba6 5. Qc2 Bb7 6. Nc3 c5 7. e4 cxd4 8. Nxd4 Bc5 9. Nb3 Nc6 10. Bf4 e5 11. Bg5 h6 12. Bh4 Nd4 13. Nxd4 Bxd4 14. f3 Bc6 15. Bf2 Bxf2+ 16. Qxf2 Qe7 17. Be2 Qc5 18. b4 Qxf2+ 19. Kxf2 a5 20. b5 Bb7 21. Na4 Rb8 22. Nxb6 Bxe4 23. c5 Bf5 24. Nc4 O-O 25. Nxa5 e4 26. Rhc1 Rfe8 27. a4 e3+ 28. Ke1 Nd5 29. g3 Nb4 30. Nc4 Nc2+ 31. Rxc2 Bxc2 32. Ra3 Rbc8 33. Nd6 Kf8 34. Nxe8 Rxe8 35. a5 Rc8 36. a6 1-0


[Site "https://www.chess.com"]

[Event "Titled Tuesday Blitz April 26 Late 2022"]
[White "Sadovsky, Artem"]
[Black "Jaracz, Pawel"]
[WhiteFideId "4155840"]
[BlackFideId "1102222"]
[WhiteElo "2314"]
[BlackElo "2429"]
[Result "1-0"]
[Round "01"]
[TimeControl "180+1"]
[Date "2022.04.26"]
[WhiteClock "0:00:06"]
[BlackClock "0:00:10"]

1. Nf3 Nf6 2. e3 c5 3. c4 e6 4. b3 d5 5. Bb2 Nc6 6. cxd5 exd5 7. Be2 Be7 8. O-O d4 9. exd4 Nxd4 10. Nxd4 cxd4 11. Bb5+ Bd7 12. Na3 O-O 13. Bxd7 Qxd7 14. Nc4 b5 15. Ne5 Qd5 16. Re1 Bd6 17. Nf3 Bc5 18. Re5 Qd6 19. Rc1 Rac8 20. Rcxc5 Rxc5 21. Ba3 Rfc8 22. Rxc5 Rxc5 23. Qe1 g6 24. h3 a5 25. Bxc5 Qxc5 26. Qe5 Qxe5 27. Nxe5 Ne4 28. d3 Nc3 29. a3 a4 30. b4 Nb1 31. Nc6 Nxa3 32. Nxd4 Nb1 33. Nxb5 a3 34. Nd4 Nd2 35. b5 a2 36. Nc2 Nb3 37. b6 Nd4 38. Na1 Kf8 39. b7 Nc6 40. d4 Ke7 41. d5 Nb8 42. Kf1 Kd6 43. Ke2 Kxd5 44. Kd3 Kc6 45. Kc4 Kxb7 46. Kb3 Kc6 47. Kxa2 Kc5 48. Kb2 Kd4 49. Kc2 Nc6 50. Nb3+ Ke4 51. Nd2+ Kd4 52. Nf3+ Kc4 53. Kd2 h6 54. Ke3 Kd5 55. Nd2 f5 56. h4 Ne5 57. f3 g5 58. h5 Nc4+ 59. Nxc4 Kxc4 60. g4 f4+ 61. Ke4 Kc3 62. Kf5 Kd2 63. Kg6 Ke3 64. Kxh6 Kxf3 65. Kxg5 Kg3 66. h6 f3 67. h7 f2 68. h8=Q f1=Q 69. Qc3+ Kh2 70. Qe5+ Kh3 71. Qe3+ Kh2 72. Qf4+ 1-0


[Site "https://www.chess.com"]

[Event "Titled Tuesday Blitz April 26 Late 2022"]
[White "Safarli, Eltaj"]
[Black "Paul, Justin"]
[WhiteFideId "13402129"]
[BlackFideId "2086581"]
[WhiteElo "2634"]
[BlackElo "2034"]
[Result "1-0"]
[Round "01"]
[TimeControl "180+1"]
[Date "2022.04.26"]
[WhiteClock "0:01:27"]
[BlackClock "0:00:17"]

1. e4 e5 2. Nf3 Nc6 3. Nc3 Nf6 4. a3 Be7 5. d4 exd4 6. Nxd4 d6 7. Bb5 Bd7 8. Bxc6 bxc6 9. O-O O-O 10. Qf3 c5 11. Nf5 Bxf5 12. Qxf5 Re8 13. Bg5 Qd7 14. Qf3 Qg4 15. Qxg4 Nxg4 16. Bxe7 Rxe7 17. Nd5 Rd7 18. Rad1 Ne5 19. Ne3 Rb8 20. b3 Nc6 21. Rd2 Re8 22. f3 f6 23. c3 a5 24. Nc4 Rb8 25. Rb1 Kf7 26. Kf2 Ke6 27. h4 Rdd8 28. h5 Ra8 29. a4 Rdb8 30. f4 Rb7 31. g4 Rab8 32. Rdb2 g6 33. h6 g5 34. f5+ Kf7 35. Ke2 Re8 36. Kd3 Ne5+ 37. Nxe5+ Rxe5 38. b4 cxb4 39. cxb4 Ra7 40. Rc2 Ke7 41. b5 Rb7 42. Kd4 Kd7 43. Rc6 Rb6 44. Rbc1 Rb7 45. Ra6 Kc8 46. Rxa5 c5+ 47. Kd3 Kb8 48. Ra6 d5 49. Rxf6 dxe4+ 50. Ke3 Rd7 51. Rc3 Rd1 52. Re6 Rxe6 53. fxe6 Rd4 54. e7 1-0


[Site "https://www.chess.com"]

[Event "Titled Tuesday Blitz April 26 Late 2022"]
[White "Salimova, Nurgyul"]
[Black "Rosenberg, Evan S"]
[WhiteFideId "2915138"]
[BlackFideId "2019299"]
[WhiteElo "2185"]
[BlackElo "2336"]
[Result "1-0"]
[Round "01"]
[TimeControl "180+1"]
[Date "2022.04.26"]
[WhiteClock "0:00:24"]
[BlackClock "0:00:01"]

1. d4 d5 2. Nc3 c6 3. e4 dxe4 4. Nxe4 Bf5 5. Ng3 Bg6 6. h4 h6 7. Nf3 Nd7 8. h5 Bh7 9. Bd3 Bxd3 10. Qxd3 e6 11. Bd2 Ngf6 12. O-O-O Be7 13. Kb1 O-O 14. Nf1 Ng4 15. Qe2 Ndf6 16. Bc1 Qd5 17. Rh4 a5 18. Ne5 Nxf2 19. Qxf2 Ne4 20. Rxe4 Qxe4 21. Ng3 Qd5 22. Ne2 Rad8 23. Qg3 Kh7 24. Qd3+ f5 25. Nf4 Qd6 26. Nfg6 Rf6 27. g4 c5 28. g5 hxg5 29. Bxg5 Qxd4 30. Qxd4 Rxd4 31. Rxd4 cxd4 32. Nxe7 Rf8 33. N7g6 Rc8 34. Kc1 b5 35. Kd2 a4 36. a3 Rc5 37. Kd3 Rd5 38. Nf3 f4 39. Nxf4 Rf5 40. Ke4 Rf8 41. Nxe6 Rc8 42. Nfxd4 Rc4 43. Kd3 g6 44. hxg6+ Kxg6 45. Bd2 Rc8 46. Bb4 Kf6 47. Nc5 Rh8 48. Ne4+ Kf7 49. Nxb5 Rh3+ 50. Kd4 Rh2 51. Nbd6+ Ke7 52. Bd2 Rh1 53. c4 Rb1 54. Bc3 Rd1+ 55. Ke5 Re1 56. c5 Rh1 57. c6 Rh5+ 58. Nf5+ Kd8 59. Ba5+ Kc8 60. Nd6+ Kb8 61. c7+ Ka7 62. b3 axb3 63. c8=Q Rh7 64. Qc5+ Ka8 65. Qc6+ Ka7 66. Bb6+ Ka6 67. Bc5+ 1-0


[Site "https://www.chess.com"]

[Event "Titled Tuesday Blitz April 26 Late 2022"]
[White "Sarkar, Justin"]
[Black "Khanin, Semen"]
[WhiteFideId "2010011"]
[BlackFideId "4111990"]
[WhiteElo "2038"]
[BlackElo "2442"]
[Result "1/2-1/2"]
[Round "01"]
[TimeControl "180+1"]
[Date "2022.04.26"]
[WhiteClock "0:00:03"]
[BlackClock "0:00:02"]

1. d4 Nf6 2. c4 e6 3. Nc3 d5 4. Bg5 c6 5. e3 Nbd7 6. Nf3 h6 7. Bh4 Be7 8. Rc1 O-O 9. Bd3 b6 10. O-O Bb7 11. Qe2 c5 12. Rfd1 Ne4 13. Bxe7 Qxe7 14. cxd5 exd5 15. dxc5 Nxc3 16. Rxc3 bxc5 17. Rdc1 Rac8 18. Bf5 d4 19. R3c2 dxe3 20. Qxe3 Qxe3 21. fxe3 Rcd8 22. Bxd7 Rxd7 23. Rxc5 Re8 24. Rc7 Rxc7 25. Rxc7 Bd5 26. Rxa7 Rxe3 27. Kf2 Re4 28. b3 g5 29. Rd7 Be6 30. Rd4 Rxd4 31. Nxd4 Bd5 32. a4 Kf8 33. b4 Ke7 34. Nf5+ Kf6 35. Nxh6 Be6 36. g4 Ke5 37. a5 Kd5 38. a6 Kc6 39. b5+ Kb6 40. Ke3 Bc4 41. Kd4 Bxb5 42. Nxf7 Bxa6 43. Nxg5 Be2 44. h3 Kc6 45. Ke5 Kd7 46. Ne4 Ke7 47. Kf4 Kf7 48. h4 Kg7 49. h5 Kh6 50. Ng3 Bd1 51. Nf5+ Kh7 52. Kg5 Be2 53. Nd6 Bd1 54. Ne4 Be2 55. Nf6+ Kg7 56. h6+ Kf7 57. Kf5 Bd3+ 58. Ne4 Kg8 59. g5 Kh7 60. Kf4 Kg6 61. Nf6 Bb1 62. Nd5 Bc2 63. Ne3 Bb1 64. Ng4 Bc2 65. Ne5+ Kh7 66. Kg4 Bd1+ 67. Kf5 Bc2+ 68. Kf6 Bb1 69. Nf7 Bc2 70. Nd8 Bb1 71. Ne6 Bc2 72. Nd4 Bb1 73. Nf5 Kh8 74. g6 Ba2 75. g7+ Kh7 76. Kg5 Be6 77. Ne7 Bf7 78. Ng6 Bxg6 79. g8=Q+ Kxg8 80. Kxg6 Kh8 81. h7 1/2-1/2


[Site "https://www.chess.com"]

[Event "Titled Tuesday Blitz April 26 Late 2022"]
[White "Sheng, Joshua"]
[Black "Richter, Nils"]
[WhiteFideId "2057360"]
[BlackFideId "12990809"]
[WhiteElo "2142"]
[BlackElo "2243"]
[Result "1-0"]
[Round "01"]
[TimeControl "180+1"]
[Date "2022.04.26"]
[WhiteClock "0:01:59"]
[BlackClock "0:01:24"]

1. c4 c6 2. d4 d5 3. Nf3 Nf6 4. Nc3 e6 5. Bg5 Nbd7 6. e3 Qa5 7. Nd2 Be7 8. Be2 dxc4 9. Bxf6 Bxf6 10. Nxc4 Qc7 11. Rc1 O-O 12. O-O e5 13. d5 Nb6 14. d6 Qd8 15. Ne4 Be6 16. Na5 Rb8 17. Nc5 Qc8 18. e4 Rd8 19. Nxc6 Qxc6 20. Nxe6 Qxd6 21. Nxd8 Qxd8 22. Qxd8+ Rxd8 23. Rfd1 Rxd1+ 24. Bxd1 Bd8 25. Kf1 Kf8 26. Ke2 Ke7 27. Kd3 Kd6 28. Bb3 Bg5 29. Rc2 f6 30. Bg8 h5 31. g3 h4 32. Bh7 hxg3 33. fxg3 Nd7 34. b4 Nf8 35. Bf5 g6 36. Bc8 b6 37. b5 Bh6 38. Rc6+ Ke7 39. h4 Nd7 40. Rc7 Kd8 41. Rxd7+ Kxc8 42. Rxa7 1-0


[Site "https://www.chess.com"]

[Event "Titled Tuesday Blitz April 26 Late 2022"]
[White "Shirov, Alexei"]
[Black "Vega Gutierrez, Sabrina"]
[WhiteFideId "2209390"]
[BlackFideId "2219026"]
[WhiteElo "2678"]
[BlackElo "2286"]
[Result "1-0"]
[Round "01"]
[TimeControl "180+1"]
[Date "2022.04.26"]
[WhiteClock "0:01:15"]
[BlackClock "0:00:37"]

1. e4 c5 2. Nf3 Nc6 3. Nc3 Nf6 4. d4 cxd4 5. Nxd4 e5 6. Ndb5 d6 7. Nd5 Nxd5 8. exd5 Nb8 9. c4 Be7 10. c5 O-O 11. Be2 a6 12. Nxd6 Bxd6 13. cxd6 Qxd6 14. O-O Nd7 15. Be3 Nf6 16. Bc4 b5 17. Bb3 Bb7 18. Rc1 Rac8 19. Qd2 Bxd5 20. Rxc8 Rxc8 21. Rd1 Rd8 22. Bg5 Ne4 23. Qe3 Nxg5 24. Qxg5 h6 25. Qd2 Bxb3 26. Qxd6 Rxd6 27. Rxd6 Bxa2 28. Rxa6 Bc4 29. f3 1-0


[Site "https://www.chess.com"]

[Event "Titled Tuesday Blitz April 26 Late 2022"]
[White "Skawinski, Arkadiusz"]
[Black "Araujo Filho, Luiz Antonio Coel"]
[WhiteFideId "1126415"]
[BlackFideId "2130661"]
[WhiteElo "2222"]
[BlackElo "2311"]
[Result "1-0"]
[Round "01"]
[TimeControl "180+1"]
[Date "2022.04.26"]
[WhiteClock "0:00:46"]
[BlackClock "0:00:16"]

1. e4 c6 2. Nf3 d5 3. Nc3 dxe4 4. Nxe4 Nf6 5. Qe2 e6 6. d3 Nbd7 7. Bd2 Be7 8. g3 O-O 9. Bg2 b6 10. O-O Bb7 11. Rad1 c5 12. Rfe1 h6 13. b3 Qc7 14. Bc3 Nxe4 15. dxe4 Nf6 16. Nd2 Rad8 17. a4 Rd7 18. f3 Rfd8 19. Nc4 Rxd1 20. Rxd1 Rxd1+ 21. Qxd1 Nd7 22. Bf1 f5 23. exf5 exf5 24. Bd3 g6 25. Qe2 Kf7 26. Ne3 Bf6 27. Bc4+ Kg7 28. Nxf5+ gxf5 29. Qe7+ Kg6 30. Bxf6 1-0


[Site "https://www.chess.com"]

[Event "Titled Tuesday Blitz April 26 Late 2022"]
[White "Skliarov, Viktor"]
[Black "Sarana, Alexey"]
[WhiteFideId "14106736"]
[BlackFideId "24133795"]
[WhiteElo "2229"]
[BlackElo "2666"]
[Result "0-1"]
[Round "01"]
[TimeControl "180+1"]
[Date "2022.04.26"]
[WhiteClock "0:00:02"]
[BlackClock "0:00:29"]

1. e4 c5 2. Nf3 d6 3. d4 Nf6 4. Nc3 cxd4 5. Qxd4 Bd7 6. e5 Nc6 7. Qf4 dxe5 8. Nxe5 Nxe5 9. Qxe5 e6 10. Nb5 Nd5 11. Nd6+ Bxd6 12. Qxd6 Bc6 13. Qa3 Qf6 14. Bd3 Qe5+ 15. Kf1 h5 16. Bd2 Nf4 17. Bxf4 Qxf4 18. Re1 h4 19. Be4 h3 20. Bxc6+ bxc6 21. gxh3 Qf5 22. Qd3 Qxd3+ 23. cxd3 Rxh3 24. Re3 Rh5 25. Ke2 Rb8 26. b3 Ra5 27. Ra1 Rxb3 28. axb3 Rxa1 29. Rg3 g6 30. Rg4 Ra3 31. Rb4 Ke7 32. Rb7+ Kf6 33. Rc7 a5 34. Rxc6 Rxb3 35. Ra6 Rb5 36. Ke3 g5 37. Ra7 Kg6 38. h3 f5 39. Kf3 Kf6 40. Ke3 Rd5 41. Ra6 Ke5 42. Rb6 f4+ 43. Ke2 Kf5 44. Ra6 Rb5 45. Kf3 e5 46. Ra8 Rd5 47. Ke2 Kg6 48. Rg8+ Kf6 49. Ra8 Rb5 50. Kf3 Rb3 51. Rxa5 Kf5 52. Rd5 Ra3 53. Kg2 Ra4 54. Rd8 Ke6 55. Re8+ Kf6 56. Rf8+ Kg6 57. Rg8+ Kh6 58. Rh8+ Kg7 59. Re8 Ra5 60. Kf3 Kf7 61. Rd8 Ra2 62. Kg2 Rd2 63. Kf3 Ke7 64. Rd5 Ke6 65. Rd8 Kf6 66. Rf8+ Ke7 67. Rf5 Ke6 68. Rxg5 Rxd3+ 69. Kg2 e4 70. h4 Rd2 71. Kg1 Rd1+ 72. Kg2 Rd2 73. Kg1 Kf6 74. Ra5 Rd8 75. h5 Rg8+ 76. Kf1 Rh8 77. Ke2 Rb8 78. Kf1 Rb2 79. Kg2 e3 80. h6 Rxf2+ 81. Kg1 Kg6 82. Ra6+ Kh7 83. Rf6 Rf3 84. Kg2 e2 85. Re6 Re3 86. Rxe3 fxe3 0-1


[Site "https://www.chess.com"]

[Event "Titled Tuesday Blitz April 26 Late 2022"]
[White "Smail, Benedict"]
[Black "Xiong, Jeffery"]
[WhiteFideId "2050480"]
[BlackFideId "2047640"]
[WhiteElo "2070"]
[BlackElo "2727"]
[Result "0-1"]
[Round "01"]
[TimeControl "180+1"]
[Date "2022.04.26"]
[WhiteClock "0:00:04"]
[BlackClock "0:01:36"]

1. d4 Nf6 2. c4 e6 3. Nc3 Bb4 4. Nf3 Bxc3+ 5. bxc3 d6 6. g3 b6 7. Bg2 Bb7 8. O-O O-O 9. Bg5 Nbd7 10. Nd2 Bxg2 11. Kxg2 Qc8 12. Qa4 Qb7+ 13. f3 c5 14. e4 Rac8 15. Rac1 h6 16. Bxf6 Nxf6 17. d5 Nd7 18. Rfe1 Ne5 19. Re3 f5 20. h3 f4 21. gxf4 Rxf4 22. Rg1 Qe7 23. Kh2 Rcf8 24. Qd1 Qh4 25. Rg3 R4f6 26. dxe6 Qf4 27. Nf1 Nxc4 0-1


[Site "https://www.chess.com"]

[Event "Titled Tuesday Blitz April 26 Late 2022"]
[White "Song, Guannan Terry"]
[Black "Horcajuelo Rocamora, Martin"]
[WhiteFideId "2614189"]
[BlackFideId "24573027"]
[WhiteElo "2115"]
[BlackElo "1822"]
[Result "1-0"]
[Round "01"]
[TimeControl "180+1"]
[Date "2022.04.26"]
[WhiteClock "0:00:44"]
[BlackClock "0:00:47"]

1. d4 Nf6 2. Bg5 c5 3. d5 Qb6 4. Nc3 Qxb2 5. Bd2 Qb6 6. e4 d6 7. f4 Qd8 8. Nf3 g6 9. Bc4 Bg7 10. O-O O-O 11. Rb1 a6 12. a4 Bg4 13. Rxb7 Nbd7 14. h3 Bxf3 15. Qxf3 Nb6 16. Qe2 Nfd7 17. a5 Nxc4 18. Qxc4 Qxa5 19. Rxd7 Rfe8 20. f5 Rab8 21. fxg6 hxg6 22. Kh1 Rb4 23. Qd3 Rd4 24. Qf3 f6 25. Be1 Qb6 26. Ne2 Ra4 27. Nf4 Qb5 28. Rc7 Rxe4 29. Qxe4 Qxf1+ 30. Kh2 f5 31. Qe6+ Kh8 32. Nxg6+ Kh7 33. Bg3 a5 34. Nxe7 f4 35. Qg6+ Kh8 36. Qxe8+ 1-0


[Site "https://www.chess.com"]

[Event "Titled Tuesday Blitz April 26 Late 2022"]
[White "Song, Michael"]
[Black "Svane, Rasmus"]
[WhiteFideId "2613190"]
[BlackFideId "4657101"]
[WhiteElo "2274"]
[BlackElo "2645"]
[Result "0-1"]
[Round "01"]
[TimeControl "180+1"]
[Date "2022.04.26"]
[WhiteClock "0:00:09"]
[BlackClock "0:00:06"]

1. e4 c6 2. Nc3 d5 3. Nf3 dxe4 4. Nxe4 Nf6 5. Nxf6+ exf6 6. d4 Bd6 7. g3 O-O 8. Bg2 Re8+ 9. Be3 Be6 10. O-O Nd7 11. Re1 h6 12. Qd2 Nb6 13. b3 Nd5 14. a3 Qd7 15. c4 Nxe3 16. Rxe3 Rad8 17. Rd1 Qc7 18. Qc1 f5 19. Red3 Be7 20. b4 Bf6 21. d5 cxd5 22. c5 b6 23. c6 b5 24. Nd4 a6 25. Nb3 Rd6 26. Bxd5 Bxd5 27. Rxd5 Rxc6 28. Nc5 Qc8 29. Rd7 a5 30. Qf4 axb4 31. axb4 Rd8 32. Rxd8+ Bxd8 33. h4 Bf6 34. Rd6 Rxd6 35. Qxd6 h5 36. Qd5 g6 37. Nd3 Qc4 38. Qxc4 bxc4 39. Ne1 Kf8 40. Kg2 Ke7 41. Kf3 Kd6 42. Nc2 Kc6 43. Ke3 Bc3 44. Na3 Kd5 45. b5 Bd4+ 46. Ke2 Bc5 47. Nc2 f6 48. f3 g5 49. f4 g4 50. Ne1 Bg1 51. Nc2 Kc5 52. Kf1 Bh2 53. Kg2 Bxg3 54. Kxg3 Kxb5 55. Nd4+ Kb4 56. Nxf5 c3 57. Ne3 Kb3 58. Nxg4 hxg4 59. h5 c2 60. h6 c1=Q 61. h7 Qg1+ 62. Kh4 Qh2+ 0-1


[Site "https://www.chess.com"]

[Event "Titled Tuesday Blitz April 26 Late 2022"]
[White "Spata, German"]
[Black "Caruana, Fabiano"]
[WhiteFideId "113026"]
[BlackFideId "2020009"]
[WhiteElo "2238"]
[BlackElo "2744"]
[Result "0-1"]
[Round "01"]
[TimeControl "180+1"]
[Date "2022.04.26"]
[WhiteClock "0:00:03"]
[BlackClock "0:00:41"]

1. Nf3 d6 2. d4 g6 3. g3 Bg7 4. Bg2 Nf6 5. b3 O-O 6. Bb2 Bf5 7. O-O c6 8. c4 a5 9. Nc3 Ne4 10. e3 Nxc3 11. Bxc3 Be4 12. Ne1 Bxg2 13. Kxg2 Nd7 14. Nf3 b5 15. Qe2 b4 16. Bb2 a4 17. Qc2 a3 18. Bc1 c5 19. Bd2 Qc7 20. Rad1 e5 21. dxe5 dxe5 22. e4 f5 23. Ng5 Qc6 24. f3 Rad8 25. Bc1 h6 26. Nh3 fxe4 27. Qxe4 Qxe4 28. fxe4 Nf6 29. Rxd8 Rxd8 30. Nf2 Bf8 31. Be3 Kg7 32. Kf3 Be7 33. Ke2 g5 34. Rd1 Rxd1 35. Kxd1 g4 36. Ke2 Kg6 37. Bd2 h5 38. Be3 Nd7 39. Nd3 Kf6 40. Kf2 Ke6 41. Ke2 Kd6 42. Kf2 Kc6 43. Ke2 Bd6 44. Bg5 Nf8 45. Be3 Ne6 46. Kd2 Nf8 47. Ke2 Nd7 48. Bg5 Bc7 49. Be3 Bb6 50. Bh6 Bd8 51. Be3 Be7 52. Nf2 Kd6 53. Kd3 Nb8 54. h3 gxh3 55. Nxh3 Nc6 56. Nf2 Ke6 57. Nh3 Na5 58. Kc2 Nb7 59. Kd3 Nd8 60. Bg5 Bxg5 61. Nxg5+ Kf6 62. Nh7+ Kf7 63. Ng5+ Kg6 64. Nf3 Kf6 65. Nh4 Ne6 66. Nf5 Nd4 67. Nxd4 exd4 68. Ke2 Kg5 69. Kf3 Kg6 70. Kf4 Kf6 71. e5+ Ke7 72. Kf3 Kf7 73. Kf4 Kg6 74. Ke4 Kg5 75. e6 Kf6 76. Kd5 d3 0-1


[Site "https://www.chess.com"]